 Dungeon Crawl Stone Soup version 0.28.0-45-g0d030f2227 (webtiles) character file.

Game seed: 6011531309899346929

310 Hylith the Grave Robber (level 6, -7/49 HPs)
             Began as a Deep Dwarf Necromancer on May 6, 2022.
             Splashed by a jelly's acid (9 damage)
             ... on level 5 of the Dungeon.
             The game lasted 00:13:50 (4237 turns).

Hylith the Grave Robber (Deep Dwarf Necromancer)    Turns: 4237, Time: 00:13:51

Health: -7/49      AC: -1    Str:  9 (11) XL:     6   Next: 17%
Magic:  3/10       EV: 12    Int: 15 (18) God:
Gold:   184        SH:  0    Dex: 10 (11) Spells: 7/11 levels left

rFire   . . .      SeeInvis .   n - +0 dagger (flame)
rCold   . . .      Faith    .   (no shield)
rNeg    . . .      Spirit   .   q - +0 leather armour
rPois   +          Reflect  .   (helmet restricted)
rElec   .          Harm     .   (no cloak)
rCorr   .          Rampage  .   (no gloves)
Will    .....                   (no boots)
Stlth   ++........              (no amulet)
HPRegen 0.00/turn               d - ring of poison resistance
MPRegen 0.12/turn               (no ring)

@: mighty, weak-willed, corroded, on berserk cooldown, flying
A: damage resistance, heal wounds, sense surroundings 1, no regeneration,
antennae 1, clumsy 1
a: Heal Wounds


You were on level 5 of the Dungeon.
You visited 1 branch of the dungeon, and saw 5 of its levels.
You also visited: Ossuary.

You collected 184 gold pieces.

Inventory:

Hand Weapons
 n - a +0 dagger of flaming (weapon)
Missiles
 p - 2 atropa-tipped darts
Armour
 a - a +0 robe
 q - a +0 leather armour (worn)
 x - the +0 leather armour of Okawaru's Esteem {Slay+2}
   (You found it on level 5 of the Dungeon)

   Slay:      It affects your accuracy & damage with ranged weapons and melee
   (+2).
Jewellery
 d - a ring of poison resistance (left hand)
Scrolls
 s - a scroll of silence {unknown}
 u - a scroll of enchant weapon (quivered) {unknown}
Potions
 h - a potion of curing {unknown}
 i - a potion of brilliance {unknown}
 l - a potion of degeneration
 r - a potion of attraction {unknown}
 w - a potion of invisibility {unknown}


   Skills:
 + Level 5.0 Dodging
 - Level 2.4 Stealth
 - Level 3.0 Spellcasting
 - Level 6.0 Necromancy


You had 7 spell levels left.
You knew the following spells:

 Your Spells              Type           Power      Damage    Failure   Level
a - Pain                  Necr           80%        1d8       2%          1
b - Vampiric Draining     Necr           20%        2d7       7%          3

Your spell library contained the following spells:

 Spells                   Type           Power      Damage    Failure   Level
 Animate Skeleton         Necr           40%        N/A       2%          1
 Animate Dead             Necr           10%        N/A       24%         4
 Agony                    Necr           20%        N/A       54%         5


Dungeon Overview and Level Annotations

Branches:
Dungeon (4/15)            Ossuary (visited)
 Temple: D:4-7

Altars:
Uskayaw
Vehumet
Zin

Annotations:
D:3 Natasha


Innate Abilities, Weirdness & Mutations

You are resistant to damage.
You can heal yourself by infusing magical energy.
You passively map a small area around you.
You do not regenerate.
You have a pair of small antennae on your head.
You are clumsy. (Dex -2)


Message History

The jelly hits you. The acid corrodes you!
You are splashed with acid!
The water moccasin zombie closely misses you.
The orc barely misses you. Something hits you. The jelly hits you.
You are splashed with acid!
* * * LOW HITPOINT WARNING * * *
You feel much better. The water moccasin zombie bites you.
The orc barely misses you. The jelly barely misses you.
The orc closely misses you. Something hits you.
It was a potion of might.
You feel very mighty all of a sudden. The jelly barely misses you.
Something hits you.
The orc hits you from afar with a +0 trident.
The orc hits you with a +0 whip. The jelly barely misses you.
As you read the scroll labelled VESHEE IRENIMP, it crumbles to dust.
The creatures around you are filled with an inner flame!
It was a scroll of immolation.
Something hits you.
The orc hits you from afar with a +0 trident!
The jelly hits you.
You are splashed with acid!
* * * LOW HITPOINT WARNING * * *
The orc hits you with a +0 whip.
* * * LOW HITPOINT WARNING * * *
Something hits you.
* * * LOW HITPOINT WARNING * * *
The orc misses you.
It was a potion of flight.
You feel very buoyant.
You fly up into the air.
You feel yourself speed up. The jelly barely misses you.
The orc closely misses you.
The orc hits you from afar with a +0 trident.
* * * LOW HITPOINT WARNING * * *
Something hits you.
* * * LOW HITPOINT WARNING * * *
The water moccasin zombie is lost in a daze.
The orc hits you with a +0 whip.
* * * LOW HITPOINT WARNING * * *
The jelly hits you.
* * * LOW HITPOINT WARNING * * *
The acid corrodes you!
You are splashed with acid!
You die...

*****,,,,,,..........# ##...##...
,,,*********#....)..)###.........
**,*** ##.......##........(.
*,,,*** ##.....###.$........
***,,,#######...!...........)...
**,,..............###...$.....
*,,..............# ##...#....
*,,........oZ..$#####..##,*##
*,.........#@{.###.....#*,,,,
*,.........J)#.#...#####*,,,,
*,.........#o#.....######,.,,
*,,........#O....###.......,,
*,,........#.........###.#,,,
***####.##...#.#.....#...#,,,
#*#.....?............#*,,,,
*#...#o#.####.........##..,,
**..#....†.{.!....#........*,


You could see an ogre (inner flame), a jelly (inner flame, weak-willed), 2 orcs
and a water moccasin zombie (dazed, weak-willed).

Vanquished Creatures
  A centaur (D:5)
  A hound (D:3)
  A centaur skeleton (D:5)
  A hound skeleton (D:4)
  6 adders
  3 worms
  3 dart slugs
  An orc (D:5)
  A bat (D:1)
  7 endoplasms
  14 goblins
  13 hobgoblins
  A kobold (D:3)
  5 quokkas
  A ball python (D:3)
  2 frilled lizards (D:2)
  10 hobgoblin zombies (Ossuary)
  3 kobold zombies (Ossuary)
  7 orc zombies (Ossuary)
  6 rats
87 creatures vanquished.

Vanquished Creatures (others)
  14 plants (D:3)
14 creatures vanquished.

Grand Total: 101 creatures vanquished

Notes
Turn   | Place    | Note
-------+----------+-------------------------------------------
     0 | D:1      | Hylith the Deep Dwarf Necromancer began the quest for the
                  | Orb.
     0 | D:1      | Reached XP level 1. HP: 15/15 MP: 3/3
   335 | D:1      | Reached XP level 2. HP: 14/22 MP: 0/5
   504 | D:1      | Reached skill level 5 in Necromancy
  1233 | D:2      | Reached XP level 3. HP: 18/28 MP: 4/6
  1384 | D:2      | Learned a level 3 spell: Vampiric Draining
  1686 | D:2      | Reached skill level 6 in Necromancy
  1836 | D:2      | Reached XP level 4. HP: 12/36 MP: 5/7
  2001 | D:3      | Found a faded altar of an unknown god.
  2789 | D:3      | Noticed Natasha
  3058 | D:3      | Reached XP level 5. HP: 42/42 MP: 1/9
  3540 | D:4      | Found a radiant altar of Vehumet.
  3542 | D:4      | Found a hide-covered altar of Uskayaw.
  3545 | D:4      | Found a glowing silver altar of Zin.
  3661 | D:4      | Found a sand-covered staircase.
  3665 | Ossuary  | Entered an ossuary
  4154 | D:4      | You fall into a shaft and drop 1 floor!
  4154 | D:5      | Entered Level 5 of the Dungeon
  4154 | D:5      | Noticed a centaur
  4159 | D:5      | Killed a centaur
  4160 | D:5      | Reached XP level 6. HP: 47/49 MP: 0/10
  4201 | D:5      | Identified the +0 leather armour of Okawaru's Esteem
                  | {Slay+2}
  4213 | D:5      | Gained mutation: You are clumsy. (Dex -2) [potion of
                  | mutation]
  4213 | D:5      | Gained mutation: You have a pair of small antennae on your
                  | head. [potion of mutation]
  4224 | D:5      | HP: 2/49 [centaur skeleton (2)]
  4233 | D:5      | Reached skill level 5 in Dodging
  4237 | D:5      | HP: 2/49 [jelly (1)]
  4237 | D:5      | Splashed by a jelly's acid

Illustrated notes

Levels and vault maps discovered:
D:1:      nagdon_arrival_zigzag_paths, layout_basic
D:2:      layout_rooms, minmay_goblin_outpost
D:3:      layout_basic, hellmonk_ecumenical_altar_run_dry, serial_bayou,
          serial_bayou_lake_a, serial_bayou_pond_d, serial_bayou_pond_d,
          serial_bayou_ford_a, uniq_natasha
D:4:      layout_loops_ring, grunt_temple_overflow_diamond, enter_ossuary_5,
          chequers_serial_rivers_micro_b, chequers_serial_rivers_large_b
D:5:      layout_rooms, serial_shops, nicolae_shop_competitors_out_of_business,
          nicolae_shop_behind_doors, minmay_between

Skill      XL: |  1  2  3  4  5  6 |
---------------+-------------------+-----
Spellcasting   | 2 3 |  3.0
Necromancy     | 5 6 |  6.0
Dodging        | 4 5 |  5.0
Stealth        | |  2.4

Action                   |  1- 3 |  4- 6 || total
-------------------------+-------+-------++-------
Melee: Club              |     6 |       ||     6
       Dagger            |    12 |   110 ||   122
       Punch             |       |     3 ||     3
Throw: Dart              |       |     5 ||     5
 Cast: Pain              |    82 |     8 ||    90
       Vampiric Draining |       |    27 ||    27
  Use: Potion            |       |     7 ||     7
       Scroll            |       |     6 ||     6
 Stab: Sleeping          |       |     3 ||     3
Armor: Robe              |     4 |       ||     4
       Leather armour    |       |    33 ||    33
Dodge: Dodged            |    13 |   120 ||   133
